 Dungeon Crawl Stone Soup version 0.29.0-4-gdea44cf6ec (webtiles) character file.

Game seed: 3968402770555504289

56 qw the Chopper (level 3, 0/21 HPs)
             Began as a Tengu Warper on Aug 28, 2022.
             Succumbed to an adder's poison
             ... on level 2 of the Dungeon.
             The game lasted 00:00:08 (1536 turns).

qw the Chopper (Tengu Warper)                       Turns: 1536, Time: 00:00:09

Health: 0/21       AC:  3    Str: 13    XL:     3   Next: 97%
Magic:  7/7        EV: 12    Int: 13    God:
Gold:   50         SH:  0    Dex: 13    Spells: 6/6 levels left

rFire   . . .      SeeInvis .   Y - +0 hand axe
rCold   . . .      Faith    .   (no shield)
rNeg    . . .      Spirit   .   b - +0 leather armour
rPois   .          Reflect  .   (helmet restricted)
rElec   .          Harm     .   (no cloak)
rCorr   .          Rampage  .   (no gloves)
Will    .....                   (boots unavailable)
Stlth   +.........              (no amulet)
HPRegen 0.07/turn               (no ring)
MPRegen 0.10/turn               (no ring)

@: lethally poisoned (0 -> -1)
A: beak, talons 3
a: no special abilities


You were on level 2 of the Dungeon.
You visited 1 branch of the dungeon, and saw 2 of its levels.

You collected 87 gold pieces.
You spent 37 gold pieces at shops.


Innate Abilities, Weirdness & Mutations

You have a beak for a mouth.
You have claws for feet.


   Skills:
 - Level 2.0 Fighting
 + Level 4.5 Axes
 - Level 1.0 Throwing
 - Level 1.1 Armour
 - Level 2.1 Dodging
 - Level 2.0 Spellcasting
 - Level 2.4 Translocations


You had 6 spell levels left.
You didn't know any spells.
Your spell library contained the following spells:

 Spells                   Type           Power      Damage    Failure   Level
 Blink                    Tloc           14%        N/A       19%         2
 Gell's Gravitas          Tloc           7%         N/A       36%         3
 Lesser Beckoning         Tloc           7%         N/A       36%         3
 Teleport Other           Tloc           7%         N/A       36%         3
 Manifold Assault         Tloc           7%         N/A       98%         5

Inventory:

Hand Weapons
 a - a +0 mace
 Y - a +0 hand axe (weapon)
Armour
 b - a +0 leather armour (worn)
 k - a +0 ring mail
Jewellery
 i - a ring of resist corrosion
 j - a ring of resist corrosion
Scrolls
 c - a scroll of acquirement {unknown}
 f - a scroll of identify
Potions
 d - a potion of haste {unknown}
 e - a potion of attraction {unknown}
 g - 2 potions of magic {unknown}
 h - 2 potions of ambrosia {unknown}

Dungeon Overview and Level Annotations

Branches:
Dungeon (2/15)

Altars:

Shops:
D:1 [=([*


Message History

Things that are here:
a +0 club; a goblin corpse The adder hisses angrily.
A goblin comes into view. It is wielding a +0 war axe.
The goblin shouts!
You barely miss the adder.
The adder bites you but does no damage. x2
You barely miss the adder. Your kick misses the adder. The adder bites you.
You are poisoned.
The adder poisons you!
You completely miss the adder. You claw the adder. Your peck misses the adder.
The adder is lightly wounded.
You hit the goblin.
You feel sick. The adder bites you.
You are more poisoned.
The adder poisons you! The goblin closely misses you.
You hit the goblin.
You kill the goblin!
You closely miss the adder.
You feel very sick. The adder bites you. x2
You hit the adder. You claw the adder! Your peck misses the adder.
The adder is almost dead.
You feel sick. The adder closely misses you.
You closely miss the adder. Your kick misses the adder.
The adder is almost dead.
You feel sick. The adder barely misses you. The adder completely misses you.
1533 ||| READING scroll of teleportation.
As you read the scroll of teleportation, it crumbles to dust.
You feel strangely unstable.
You feel sick. The adder bites you but does no damage.
You hit the adder.
You kill the adder!
You feel sick.
There is a lethal amount of poison in your body!
Your surroundings suddenly seem different.
You feel sick.
There is a lethal amount of poison in your body!
You die...

#########..####.### #.......#
..............................
#########.......##..#.......#.
............#.#...##.....##.
#########.#.#.#.#.#.#...#.
..........#'#.#'#.###
#..................
#................#
###........@..%..# #
........###'#.#'## . ........#
#.#.#.###########. ........#
#.#.#............. .....####
#..............##.
.....######..............##.
#.......(................###
#.#########.................
#.#........................#


There were no monsters in sight!

Vanquished Creatures
  2 adders (D:2)
  A worm (D:2)
  2 dart slugs (D:1)
  3 endoplasms
  3 giant cockroaches (D:1)
  3 goblins
  6 hobgoblins
  2 quokkas (D:1)
  4 ball pythons
  2 bats
  A kobold (D:1)
29 creatures vanquished.

Notes
Turn   | Place    | Note
-------+----------+-------------------------------------------
     0 | D:1      | qw the Tengu Warper began the quest for the Orb.
     0 | D:1      | Reached XP level 1. HP: 12/12 MP: 4/4
     0 | D:1      | 0 ||| qw: Version: 0.1-a-89-g26bdef1
     0 | D:1      | 0 ||| qw: Game counter: 2339
     0 | D:1      | 0 ||| qw: Always use a shield: true
     0 | D:1      | 0 ||| qw: God list: Okawaru
     0 | D:1      | 0 ||| qw: Allow faded altars: false
     0 | D:1      | 0 ||| qw: Do Orc after D:15 true
     0 | D:1      | 0 ||| qw: Do second Lair branch before Depths: true
     0 | D:1      | 0 ||| qw: Lair rune preference: random
     0 | D:1      | 0 ||| qw: Plans: Normal
     0 | D:1      | 0 ||| PLANNING D:1-11
    14 | D:1      | Found Zicy's Armour Emporium.
    24 | D:1      | Found Hufesih's General Store.
    26 | D:1      | 26 ||| SHOPLISTING +0 ring mail (48 gold, have 0).
    26 | D:1      | 26 ||| SHOPLISTING +11 scale mail "Burchoiru" {rF+ Str+3}
                  | (951 gold, have 0).
    26 | D:1      | 26 ||| SHOPLISTING +2 pair of gloves of hurling (258 gold,
                  | have 0).
    26 | D:1      | 26 ||| SHOPLISTING +2 steam dragon scales (624 gold, have
                  | 0).
    26 | D:1      | 26 ||| SHOPLISTING +3 plate armour of fire resistance (540
                  | gold, have 0).
    50 | D:1      | Found Cyvehualo's Weapon Shoppe.
    61 | D:1      | 61 ||| BUYING +0 club (13 gold).
    61 | D:1      | Bought a +0 club for 13 gold pieces
    77 | D:1      | Found Oskixo's Armour Shoppe.
    86 | D:1      | 86 ||| Stepping ~*~*~tactically~*~*~ (stealth).
    91 | D:1      | Reached XP level 2. HP: 17/17 MP: 6/6
    97 | D:1      | 97 ||| SHOPLISTING +0 cloak (54 gold, have 1).
    97 | D:1      | 97 ||| SHOPLISTING +0 pair of gloves (54 gold, have 1).
    97 | D:1      | 97 ||| SHOPLISTING +0 plate armour of Yesterday {Dex+2}
                  | (410 gold, have 1).
    97 | D:1      | 97 ||| SHOPLISTING +0 ring mail (48 gold, have 1).
    97 | D:1      | Found Ecluwk's Jewellery Emporium.
   112 | D:1      | Reached skill level 3 in Axes
   114 | D:1      | 114 ||| SHOPLISTING +4 ring of evasion (432 gold, have 6).
   114 | D:1      | 114 ||| SHOPLISTING amulet of guardian spirit (360 gold,
                  | have 6).
   114 | D:1      | 114 ||| SHOPLISTING amulet of the acrobat (360 gold, have
                  | 6).
   114 | D:1      | 114 ||| SHOPLISTING ring "Pytoss" {rElec rN+ Int+3} (483
                  | gold, have 6).
   114 | D:1      | 114 ||| SHOPLISTING ring of fire (300 gold, have 6).
   114 | D:1      | 114 ||| SHOPLISTING ring of positive energy (240 gold, have
                  | 6).
   114 | D:1      | 114 ||| SHOPLISTING ring of protection from cold (300 gold,
                  | have 6).
   114 | D:1      | 114 ||| SHOPLISTING ring of willpower (300 gold, have 6).
   123 | D:1      | 123 ||| Stepping ~*~*~tactically~*~*~ (stealth).
   125 | D:1      | 125 ||| Stepping ~*~*~tactically~*~*~ (stealth).
   130 | D:1      | 130 ||| Stepping ~*~*~tactically~*~*~ (stealth).
   672 | D:1      | 672 ||| Stepping ~*~*~tactically~*~*~ (cloud).
   673 | D:1      | 673 ||| Stepping ~*~*~tactically~*~*~ (cloud).
   687 | D:1      | 687 ||| READING scroll labelled NOZI INNUUNGETS.
   688 | D:1      | 688 ||| READING scroll labelled VIUTED MURPH.
   700 | D:1      | Reached XP level 3. HP: 21/21 MP: 7/7
   725 | D:1      | 725 ||| DROPPING +0 club.
   890 | D:1      | 890 ||| SHOPLISTING +2 vorpal mace (198 gold, have 44).
   890 | D:1      | 890 ||| BUYING scroll of identify (24 gold).
   890 | D:1      | Bought a scroll of identify for 24 gold pieces
   998 | D:1      | 998 ||| DROPPING scroll of blinking.
  1097 | D:2      | Reached skill level 4 in Axes
  1273 | D:2      | 1273 ||| Stepping ~*~*~tactically~*~*~ (stealth).
  1295 | D:2      | 1295 ||| Stepping ~*~*~tactically~*~*~ (stealth).
  1487 | D:2      | 1487 ||| Stepping ~*~*~tactically~*~*~ (stealth).
  1488 | D:2      | 1488 ||| Stepping ~*~*~tactically~*~*~ (stealth).
  1491 | D:2      | 1491 ||| Stepping ~*~*~tactically~*~*~ (stealth).
  1532 | D:2      | HP: 4/21 [poisoned by an adder]
  1533 | D:2      | 1533 ||| READING scroll of teleportation.
  1535 | D:2      | HP: 1/21 [poisoned by an adder]
  1536 | D:2      | Succumbed to an adder's poison

Levels and vault maps discovered:
D:1:      lightli_arrival_maybe_door_vault, layout_basic, serial_shops,
          nicolae_shop_statue_plus, nicolae_shop_stone, nicolae_shop_waterfront,
          nicolae_shop_advertising_works [nicolae_subvault_shop_adworks],
          nicolae_square_shop, solitary_fountain, lemuel_old_faithful
D:2:      layout_basic, shapermc_ecumenical_altar_mp_highgroup,
          eino_tiny_chamber, minmay_nonomino_d4

Skill      XL: |  1  2  3 |
---------------+----------+-----
Axes           | 3 4 |  4.5
Fighting       | |  2.0
Throwing       | |  1.0
Armour         | |  1.1
Dodging        | |  2.1
Spellcasting   | |  2.0
Translocations | |  2.4

Action                   || total
-------------------------++-------
Melee: Hand axe          ||    72
       Kick              ||    21
       Peck              ||     9
Throw: Boomerang         ||     7
  Use: Scroll            ||     3
Armor: Leather armour    ||    14
Dodge: Dodged            ||    31

Table legend:
 A = Non-vault XP
 B = Vault XP
 C = Vault XP percentage of total XP
 D = Non-vault monster count
 E = Vault monster count
 F = Vault count percentage of total count
                 A         B        C        D         E       F
            +---------+---------+-------+---------+---------+-------
      Total |      59 |      22 |  27.2 |      25 |       4 |  13.8
            +---------+---------+-------+---------+---------+-------
        D:1 |      34 |       0 |   0.0 |      17 |       0 |   0.0
        D:2 |      25 |      22 |  46.8 |       8 |       4 |  33.3
            +---------+---------+-------+---------+---------+-------
